 Dungeon Crawl Stone Soup version 0.21-a0-225-g207ae17 (webtiles) character file.

3162 Gorglomux the Arsonist (level 10, -8/58 HPs)
             Began as a Kobold Fire Elementalist on Aug 29, 2017.
             Was a Believer of Vehumet.
             Shot with a sling bullet by Joseph (21 damage)
             ... on level 7 of the Dungeon.
             The game lasted 00:29:16 (10969 turns).

Gorglomux the Arsonist (Kobold Fire Elementalist)  Turns: 10969, Time: 00:29:17

Health: -8/58      AC:  4    Str:  6    XL:     10   Next: 15%
Magic:  0/17       EV: 17    Int: 19    God:    Vehumet [**....]
Gold:   332        SH:  0    Dex: 16    Spells: 4/19 levels left

rFire    . . .     SeeInvis .   y - +1 short sword (venom)
rCold    . . .     Gourm    .   (shield restricted)
rNeg     . . .     Faith    .   a - +0 robe
rPois    +         Spirit   .   N - +0 helmet
rElec    .         Reflect  .   r - +0 cloak
rCorr    .         Harm     .   (no gloves)
MR       .....                  (no boots)
Stlth    +++.......             (no amulet)
HPRegen  0.19/turn              B - ring of wizardry
MPRegen  0.15/turn              o - ring of poison resistance

@: no status effects
A: carnivore 3
a: Renounce Religion


You were on level 7 of the Dungeon.
You worshipped Vehumet.
Vehumet was pleased with you.
You were completely stuffed.

You visited 1 branch of the dungeon, and saw 7 of its levels.
You also visited: Sewer.

You collected 332 gold pieces.

Inventory:

Hand Weapons
 u - the +6 spear "Abeogema" {drain, MR+ Str+3}
   (You found it on level 6 of the Dungeon)

   A truly terrible weapon, it drains the life of those it strikes.
   It affects your strength (+3).
   It affects your resistance to hostile enchantments.
 y - a +1 short sword of venom (weapon)
Armour
 a - a +0 robe (worn)
 q - the +3 leather armour of Incorporation {rF- Int+7, unknown}
   (You found it on level 6 of the Dungeon)

   It affects your intelligence (+7).
   It makes you vulnerable to fire.
 r - a +0 cloak (worn)
 K - the +6 ring mail "Sunop" {rElec rF- rN+ Dex+5}
   (You found it on level 4 of the Dungeon)

   It affects your dexterity (+5).
   It makes you vulnerable to fire.
   It insulates you from electricity.
   It protects you from negative energy.
 N - a +0 helmet (worn)
 P - a +0 buckler
Jewellery
 m - an uncursed ring of protection from magic
 o - a ring of poison resistance (right hand)
 B - a ring of wizardry (left hand)
Wands
 i - a wand of disintegration (10/24)
 I - a wand of iceblast (15/15)
 L - a wand of lightning (9/15)
Scrolls
 j - a scroll of enchant armour {unknown}
 p - a scroll of immolation {unknown}
 v - a scroll of fog {unknown}
 A - a scroll of random uselessness {unknown}
 C - 2 scrolls of noise {unknown}
 F - 4 scrolls of recharging
 H - 2 scrolls of amnesia {unknown}
 J - 3 scrolls of remove curse {unknown}
 R - 2 scrolls of identify
 T - 2 scrolls of teleportation
 U - a scroll of enchant weapon {unknown}
 V - 5 scrolls of blinking {unknown}
Potions
 n - a potion of haste {unknown}
 w - 2 potions of cancellation {unknown}
 x - a potion of ambrosia {unknown}
 D - 2 potions of heal wounds
 E - a potion of agility {unknown}
 G - 5 potions of resistance
 M - a potion of magic
 O - 2 potions of might {unknown}
 Q - 2 potions of curing
 S - 3 potions of degeneration
 W - a potion of invisibility
 X - a potion of mutation {unknown}
 Y - 2 potions of brilliance
 Z - 2 potions of flight
Books
 b - a book of Flames

   Spells                             Type                      Level
   a - Flame Tongue                   Conjuration/Fire             1
   b - Throw Flame                    Conjuration/Fire             2
   c - Conjure Flame                  Conjuration/Fire             3
   d - Inner Flame                    Hexes/Fire                   3
   e - Sticky Flame                   Conjuration/Fire             4
   f - Fireball                       Conjuration/Fire             5
 l - a book of Battle

   Spells                             Type                      Level
   a - Infusion                       Charms                       1
   b - Shroud of Golubria             Charms/Translocation         2
   c - Song of Slaying                Charms                       2
   d - Spectral Weapon                Hexes/Charms                 3
   e - Regeneration                   Charms/Necromancy            3
 t - a book of Cantrips

   Spells                             Type                      Level
   a - Confusing Touch                Hexes                        1
   b - Animate Skeleton               Necromancy                   1
   c - Summon Small Mammal            Summoning                    1
   d - Apportation                    Translocation                1
Comestibles
 s - 4 royal jellies
 z - 3 meat rations


   Skills:
 + Level 4.6 Fighting
 - Level 4.8 Dodging
 - Level 6.0 Stealth
 + Level 1.7 Shields
 - Level 5.0 Spellcasting
 - Level 7.4 Conjurations
 - Level 8.0 Fire Magic


You had 4 spell levels left.
You knew the following spells:

 Your Spells              Type           Power        Failure   Level  Hunger
a - Flame Tongue          Conj/Fire      ####.        1%          1    None
b - Throw Flame           Conj/Fire      ####..       1%          2    #......
c - Sticky Flame          Conj/Fire      ####....     1%          4    ####...
d - Fireball              Conj/Fire      ####......   6%          5    ######.
j - Conjure Flame         Conj/Fire      ####....     1%          3    ##.....


Dungeon Overview and Level Annotations

Branches:
Dungeon (7/15)             Temple (0/1) D:6

Altars:
Cheibriados
Dithmenos
Fedhas
Gozag
Makhleb
Nemelex Xobeh
Ru
Uskayaw
Vehumet

Annotations:
D:7 Joseph


Innate Abilities, Weirdness & Mutations

You are small and have problems with some larger weapons.
You are carnivorous and can eat meat at any time.


Message History

The flame tongue hits Joseph!
Joseph butts heavily wounded!
Joseph burns!!!
Joseph hits you with an uncursed enchanted quarterstaff!!!
Casting: Flame Tongue
Confirm with ! or Butt, or press ? or * to list all spells!
Aiming: Flame Tongue
Press: ? - help, Shift-Dir - straight line, f/p - Joseph
Aim: Joseph, wielding an enchanted quarterstaff and wearing a ring mail (heavily wounded, covered in liquid flames)
The flame tongue hits Joseph!
Joseph is severely wounded!
Joseph burns!!!
Joseph hits you with an uncursed enchanted quarterstaff!!! * * * don't die
* * * Unknown command!
Joseph butts!!!
Joseph unwields an uncursed butt quarterstaff!
Joseph wields an uncursed hunting butt!
Joseph shoots a sling bullet!
The sling bullet hits you!!!!!! rip

...........).....###.....
.................# .....
###### .............(...#
..... ......
.................###.....
######
.......)..@..............
.######
.....##.######.(.......#
....... .....##.###
####@.....# .######
......#...#######......#
#####.#...#.....@........
#######
##..........#######......
.......
##...รท............
...... #######
##................ ......
@....)............ .....
.... .......>..........
..... ....
.......#.......... ....
.... ..................
#... #......#...####...
....


You could see Joseph (burning).

Vanquished Creatures
  Grinder (D:3)
  The ghost of Goblin1989 the Insei, an amateur MfTm (D:5)
  Sigmund (D:3)
  2 orc warriors
  2 sky beasts
  A black bear (D:6)
  3 ogres
  2 centaurs
  Blork the orc (D:4)
  A gnoll sergeant (D:6)
  A bullfrog (D:6)
  2 scorpions
  A howler monkey (D:6)
  A quasit (D:4)
  A crimson imp (D:5)
  10 hounds
  A jelly (D:7)
  A centaur skeleton (D:5)
  7 orc priests
  10 orc wizards
  Jessica (D:3)
  Ijyb (D:3)
  A worker ant (D:4)
  A hound zombie (D:7)
  3 hound skeletons
  9 gnolls
  7 adders
  2 shadow imps
  5 oozes
  An adder skeleton (D:4)
  13 worms
  4 dart slugs
  5 leopard geckos
  22 orcs
  7 giant cockroaches
  7 goblins
  6 hobgoblins
  13 jackals
  6 kobolds
  A quokka (D:2)
  5 ball pythons
  A ball python skeleton (D:1)
  11 bats
  3 frilled lizards
  A leopard gecko skeleton (D:5)
  A quokka zombie (D:5)
  9 rats
196 creatures vanquished.

Notes
Turn   | Place    | Note
-------+----------+-------------------------------------------
     0 | D:1      | Gorglomux the Kobold Fire Elementalist began the quest for the Orb.
     0 | D:1      | Reached XP level 1. HP: 10/10 MP: 3/3
   148 | D:1      | Reached XP level 2. HP: 9/15 MP: 0/5
   296 | D:1      | Learned a level 2 spell: Throw Flame
   864 | D:1      | Reached XP level 3. HP: 19/19 MP: 0/7
  1243 | D:1      | Learned a level 3 spell: Conjure Flame
  1953 | D:2      | Reached skill level 3 in Spellcasting
  1953 | D:2      | Reached XP level 4. HP: 6/24 MP: 0/8
  2269 | D:2      | Found an opulent altar of Gozag.
  2658 | D:2      | Found a burning altar of Makhleb.
  2658 | D:2      | Noticed a blizzard demon
  2661 | D:2      | Noticed a neqoxec
  2661 | D:2      | Noticed a hellwing
  2858 | D:3      | Reached XP level 5. HP: 28/28 MP: 6/9
  2868 | D:3      | Learned a level 4 spell: Sticky Flame
  3079 | D:3      | Noticed Sigmund
  3087 | D:3      | Killed Sigmund
  3087 | D:3      | Reached skill level 3 in Conjurations
  3087 | D:3      | Reached skill level 4 in Fire Magic
  3087 | D:3      | Reached XP level 6. HP: 32/32 MP: 3/12
  3149 | D:3      | Found a glowing drain.
  3261 | Sewer    | Entered a sewer
  4122 | D:3      | Noticed Jessica
  4126 | D:3      | Killed Jessica
  4142 | D:3      | Noticed Grinder
  4363 | D:3      | Found a radiant altar of Vehumet.
  4565 | D:3      | Reached XP level 7. HP: 31/36 MP: 6/13
  4896 | D:3      | Noticed Ijyb
  4903 | D:3      | Killed Ijyb
  4903 | D:3      | Reached skill level 5 in Fire Magic
  4977 | D:3      | Paralysed by Grinder for 5 turns
  4990 | D:3      | Killed Grinder
  5457 | D:4      | Reached XP level 8. HP: 35/41 MP: 6/15
  5726 | D:4      | Found a sacrificial altar of Ru.
  5767 | D:4      | Reached skill level 6 in Fire Magic
  5936 | D:4      | Learned a level 5 spell: Fireball
  6312 | D:4      | Got a crude ring mail
  6323 | D:4      | Identified the +6 ring mail "Sunop" {rElec rF- rN+ Dex+5} (You found it on level 4 of the Dungeon)
  6503 | D:3      | Became a worshipper of Vehumet
  6570 | D:4      | Noticed Blork the orc
  6612 | D:4      | Killed Blork the orc
  6612 | D:4      | Reached skill level 6 in Conjurations
  6775 | D:5      | Entered Level 5 of the Dungeon
  6964 | D:5      | Reached skill level 7 in Fire Magic
  7231 | D:5      | Reached XP level 9. HP: 16/45 MP: 11/16
  7443 | D:5      | Found a snail-covered altar of Cheibriados.
  7695 | D:5      | Noticed Goblin1989's ghost (amateur MfTm)
  7717 | D:5      | Killed Goblin1989's ghost
  7717 | D:5      | Reached skill level 8 in Fire Magic
  8021 | D:5      | Reached skill level 3 in Stealth
  8753 | D:5      | Reached * piety under Vehumet
  8753 | D:5      | Offered knowledge of Magic Dart by Vehumet.
  8979 | D:5      | Reached skill level 6 in Stealth
  9075 | D:6      | Got a blackened spear
  9076 | D:6      | Identified the +6 spear "Abeogema" {drain, MR+ Str+3} (You found it on level 6 of the Dungeon)
  9310 | D:6      | Reached skill level 1 in Fighting
  9407 | D:6      | Found a staircase to the Ecumenical Temple.
  9425 | D:6      | Reached skill level 3 in Dodging
  9498 | D:6      | Got an ichor-stained leather armour
  9663 | D:6      | Reached skill level 3 in Fighting
  9746 | D:6      | Reached XP level 10. HP: 12/56 MP: 3/17
 10005 | D:6      | Found a shadowy altar of Dithmenos.
 10449 | D:7      | Found a sparkling altar of Nemelex Xobeh.
 10513 | D:7      | Found a hide-covered altar of Uskayaw.
 10518 | D:7      | Found a blossoming altar of Fedhas.
 10718 | D:7      | Reached ** piety under Vehumet
 10742 | D:7      | Offered knowledge of Searing Ray by Vehumet.
 10742 | D:7      | Reached skill level 1 in Shields
 10926 | D:7      | Noticed Joseph
 10969 | D:7      | Shot with a sling bullet by Joseph

Vault maps used:
D:1:      saegor_arrival_simple_b
D:2:      makhleb_altar_promises_db, grunt_gozag_breadcrumbs
D:3:      nicolae_overflow_hidden_temple, portal_sewer_entry_b,
          cheibrodos_gnoll_hut, uniq_jessica, uniq_ijyb, uniq_grinder,
          uniq_sigmund
D:4:      kennysheep_big_flooded_room, nicolae_ru_great_annihilating_truth,
          first_bread, uniq_blork_the_orc
D:5:      cheibrodos_worm_habitat
D:6:      nicolae_dithmenos_shadow_blocks, minmay_temple_entry_water_ring,
          chequers_ossuary_entry_cave
D:7:      kennysheep_little_box, chequers_temple_overflow_statue_of_worship,
          uniq_joseph
Sewer:    sewer_fruit_machine

Skill      XL: |  1  2  3  4  5  6  7  8  9 10 |
---------------+-------------------------------+-----
Spellcasting   | 3 4 5 |  5.0
Conjurations   | 2 3 4 6 7 |  7.4
Fire Magic     | 4 5 7 8 |  8.0
Stealth        | 6 |  6.0
Fighting       | 3 4 |  4.6
Dodging        | 4 |  4.8
Shields        | 1 |  1.7

Action                   |  1- 3 |  4- 6 |  7- 9 | 10-12 || total
-------------------------+-------+-------+-------+-------++-------
Melee: Unarmed           |     7 |    15 |    14 |       ||    36
       Short sword       |       |       |    26 |    17 ||    43
       Spear             |       |       |    25 |       ||    25
 Fire: Shortbow          |       |       |    15 |       ||    15
 Cast: Flame Tongue      |    43 |    65 |    73 |    26 ||   207
       Throw Flame       |    23 |    16 |     8 |       ||    47
       Sticky Flame      |       |    13 |    30 |     4 ||    47
       Fireball          |       |       |    32 |     8 ||    40
       Conjure Flame     |       |       |     2 |     1 ||     3
Evoke: Wand              |       |       |    10 |       ||    10
  Use: Scroll            |       |     3 |     4 |       ||     7
       Potion            |       |     3 |       |       ||     3
  Eat: Chunk             |    10 |    13 |    31 |     8 ||    62
Armor: Robe              |     5 |    17 |    41 |     2 ||    65
Dodge: Dodged            |    50 |    76 |   197 |    29 ||   352

Table legend:
 A = Spawn XP
 B = Non-spawn XP
 C = Spawn XP percentage of total XP
 D = Spawn monster count
 E = Non-spawn monster count
 F = Spawn count percentage of total count
 G = Total turns spent on level
                    A         B        C        D         E        F      G
               +---------+---------+-------+---------+---------+-------+---------
         Total |     505 |    4013 |  11.2 |      30 |     166 |  15.3 | 10969
               +---------+---------+-------+---------+---------+-------+---------
           D:1 |       5 |      42 |  10.6 |       4 |      20 |  16.7 |  1743
           D:2 |      17 |      73 |  18.9 |       6 |      23 |  20.7 |  1235
           D:3 |       2 |     734 |   0.3 |       1 |      20 |   4.8 |  1520
           D:4 |     127 |     658 |  16.2 |       3 |      21 |  12.5 |  1936
           D:5 |     272 |    1102 |  19.8 |      14 |      23 |  37.8 |  1839
           D:6 |      40 |     924 |   4.1 |       1 |      28 |   3.4 |  1350
           D:7 |      42 |     400 |   9.5 |       1 |      10 |   9.1 |   549
         Sewer |       0 |      80 |   0.0 |       0 |      21 |   0.0 |   797
               +---------+---------+-------+---------+---------+-------+---------
